 Dungeon Crawl Stone Soup version 0.29.0-4-gdea44cf6ec (webtiles) character file.

Game seed: 2286658485697310948

50 qw the Chopper (level 3, -1/21 HPs)
             Began as a Tengu Warper on Aug 28, 2022.
             Slain by Sigmund
             ... wielding a +0 scythe
              (9 damage)
             ... on level 2 of the Dungeon.
             The game lasted 00:00:09 (1802 turns).

qw the Chopper (Tengu Warper)                       Turns: 1802, Time: 00:00:09

Health: -1/21      AC:  4    Str: 13    XL:     3   Next: 79%
Magic:  7/7        EV: 12    Int: 13    God:
Gold:   39         SH:  0    Dex: 13    Spells: 6/6 levels left

rFire   . . .      SeeInvis .   Y - +0 hand axe
rCold   . . .      Faith    .   (no shield)
rNeg    . . .      Spirit   .   b - +0 leather armour
rPois   .          Reflect  .   (helmet restricted)
rElec   .          Harm     .   (no cloak)
rCorr   .          Rampage  .   j - +0 pair of gloves
Will    .....                   (boots unavailable)
Stlth   +.........              (no amulet)
HPRegen 0.07/turn               (no ring)
MPRegen 0.10/turn               (no ring)

@: no status effects
A: beak, talons 3
a: no special abilities


You were on level 2 of the Dungeon.
You visited 1 branch of the dungeon, and saw 2 of its levels.

You collected 39 gold pieces.


Innate Abilities, Weirdness & Mutations

You have a beak for a mouth.
You have claws for feet.


   Skills:
 - Level 2.0 Fighting
 + Level 4.4 Axes
 - Level 1.0 Throwing
 - Level 1.1 Armour
 - Level 2.1 Dodging
 - Level 2.0 Spellcasting
 - Level 2.4 Translocations


You had 6 spell levels left.
You didn't know any spells.
Your spell library contained the following spells:

 Spells                   Type           Power      Damage    Failure   Level
 Blink                    Tloc           14%        N/A       19%         2
 Gell's Gravitas          Tloc           7%         N/A       36%         3
 Lesser Beckoning         Tloc           7%         N/A       36%         3
 Teleport Other           Tloc           7%         N/A       36%         3
 Manifold Assault         Tloc           7%         N/A       98%         5

Inventory:

Hand Weapons
 h - a +0 mace
 Y - a +0 hand axe (weapon)
Armour
 a - a +0 scale mail
 b - a +0 leather armour (worn)
 c - a +0 tower shield
 j - a +0 pair of gloves (worn)
Jewellery
 f - a ring of willpower
Potions
 d - a potion of resistance {unknown}
 e - a potion of might {unknown}
 g - a potion of curing
 i - a potion of haste
 k - a potion of attraction {unknown}

Dungeon Overview and Level Annotations

Branches:
Dungeon (2/15)

Altars:

Annotations:
D:2 Sigmund


Message History

You hit the adder.
You kill the adder!
You start resting.
HP restored.
There is a fountain of clear blue water here.
You now have 39 gold pieces (gained 11).
Found a buckler.
Enter note: A worm and a quokka come into view.
You hit the quokka. Your kick misses the quokka. Your peck misses the quokka.
The quokka is almost dead.
The quokka closely misses you.
You hit the quokka but do no damage. You peck the quokka.
You kill the quokka!
You hit the worm. You peck the worm.
The worm is moderately wounded.
You hear a shout!
Sigmund the Dreaded comes into view.
He is wielding a +0 scythe.
The worm barely misses you.
You hit the worm. Your kick misses the worm.
The worm is heavily wounded.
Sigmund gestures wildly while chanting.
Sigmund flickers and vanishes!
Deactivating autopickup; reactivate with Ctrl-A.
You barely miss the worm.
The worm is heavily wounded.
Something hits you but does no damage. The worm bites you.
You hit the worm but do no damage. You claw the worm, but do no damage.
You peck the worm, but do no damage.
The worm is moderately wounded.
Something hits you. The worm barely misses you.
You hit the worm.
The worm is heavily wounded.
You barely miss the worm. You claw the worm.
The worm is severely wounded.
Something hits you. The worm bites you.
You barely miss the worm.
The worm is severely wounded.
Something hits you!
You die...

#[#.#.########..#
####.#....# ##>#
#.........# ######
#.##......## ##~~~~#
#........###~~~~~~
#.##............~~
#.##.............~
#.##.........~~...
#@##........~..~~.
.....{w%.+........~....~
........##.........~~}..
........##...<......}~~.
........##.......~~....~
........# ......~..~~..~
........# ###..~....~~.
........# #...~~(....
#....~~....


You could see a worm.

Vanquished Creatures
  An adder (D:2)
  A dart slug (D:1)
  2 endoplasms
  2 giant cockroaches (D:1)
  6 goblins
  5 hobgoblins
  2 jackals (D:1)
  3 kobolds (D:1)
  A quokka (D:2)
  3 ball pythons (D:1)
  4 bats (D:1)
  2 frilled lizards
  5 rats
37 creatures vanquished.

Notes
Turn   | Place    | Note
-------+----------+-------------------------------------------
     0 | D:1      | qw the Tengu Warper began the quest for the Orb.
     0 | D:1      | Reached XP level 1. HP: 12/12 MP: 4/4
     0 | D:1      | 0 ||| qw: Version: 0.1-a-89-g26bdef1
     0 | D:1      | 0 ||| qw: Game counter: 3074
     0 | D:1      | 0 ||| qw: Always use a shield: true
     0 | D:1      | 0 ||| qw: God list: Okawaru
     0 | D:1      | 0 ||| qw: Allow faded altars: false
     0 | D:1      | 0 ||| qw: Do Orc after D:15 true
     0 | D:1      | 0 ||| qw: Do second Lair branch before Depths: true
     0 | D:1      | 0 ||| qw: Lair rune preference: random
     0 | D:1      | 0 ||| qw: Plans: Normal
     0 | D:1      | 0 ||| PLANNING D:1-11
   192 | D:1      | Reached XP level 2. HP: 17/17 MP: 6/6
   223 | D:1      | Reached skill level 3 in Axes
   451 | D:1      | 451 ||| DROPPING +0 club.
   698 | D:1      | Reached XP level 3. HP: 20/21 MP: 7/7
   835 | D:1      | Found a faded altar of an unknown god.
   933 | D:1      | 933 ||| Stepping ~*~*~tactically~*~*~ (hiding).
  1037 | D:1      | 1037 ||| Stepping ~*~*~tactically~*~*~ (hiding).
  1139 | D:1      | 1139 ||| Stepping ~*~*~tactically~*~*~ (hiding).
  1241 | D:1      | 1241 ||| Stepping ~*~*~tactically~*~*~ (hiding).
  1250 | D:1      | Reached skill level 4 in Axes
  1450 | D:1      | 1450 ||| UPGRADING to +0 pair of gloves.
  1455 | D:1      | 1455 ||| READING scroll labelled OQACEH AXIST.
  1456 | D:1      | 1456 ||| DRINKING 2 bubbling yellow potions.
  1457 | D:1      | 1457 ||| DRINKING 2 inky potions.
  1458 | D:1      | 1458 ||| DROPPING scroll of blinking.
  1796 | D:2      | Noticed Sigmund
  1802 | D:2      | Slain by Sigmund

Levels and vault maps discovered:
D:1:      dpeg_arrival_tiny_j, layout_loops_corners, basic_ecumenical_altar,
          columned_hall_lemuel
D:2:      cheibrodos_helix_gallery, layout_basic, serial_shops,
          nicolae_lakefront_shop, uniq_sigmund

Skill      XL: |  1  2  3 |
---------------+----------+-----
Axes           | 3 4 |  4.4
Fighting       | |  2.0
Throwing       | |  1.0
Armour         | |  1.1
Dodging        | |  2.1
Spellcasting   | |  2.0
Translocations | |  2.4

Action                   || total
-------------------------++-------
Melee: Hand axe          ||    79
       Kick              ||    27
       Peck              ||    12
Throw: Boomerang         ||     7
  Use: Potion            ||     2
       Scroll            ||     1
Armor: Leather armour    ||    12
Dodge: Dodged            ||    33

Table legend:
 A = Non-vault XP
 B = Vault XP
 C = Vault XP percentage of total XP
 D = Non-vault monster count
 E = Vault monster count
 F = Vault count percentage of total count
                 A         B        C        D         E       F
            +---------+---------+-------+---------+---------+-------
      Total |      68 |       4 |   5.6 |      35 |       2 |   5.4
            +---------+---------+-------+---------+---------+-------
        D:1 |      47 |       0 |   0.0 |      29 |       0 |   0.0
        D:2 |      21 |       4 |  16.0 |       6 |       2 |  25.0
            +---------+---------+-------+---------+---------+-------
